cohdb
Replays
Latest Replays
All Replays
Popular Replays
Top Player Replays
Match Explorer
How It Works
Community
CoH3 Stats
Reddit
Sign in to upload your games and track your stats! →
Sign in with Steam
Match 37834310
Unlisted
Match 37834310
Overview
Messages
Build Orders
End
Construct Infanterie Kompanie
Kettenkrad Recon Vehicle
Grenadier Squad
Grenadier Squad
Grenadier Squad
Construct Luftwaffe Kompanie
Flak 30 Anti-aircraft Gun Team
MG 42 Machine Gun Team
Pioneer Squad
Support Elements
Medical Bunker
Jäger Squad
Wirbelwind Flakpanzer
Selects Luftwaffe Battlegroup
Selects Luftwaffe Pioneer Support
Selects Flak 38 Anti-Air Emplacement
Flak 30 Anti-aircraft Gun Team
Pioneer Squad
Marder III M Tank Destroyer
Selects Infantry Reserves
Marder III M Tank Destroyer
Selects Stuka Strafing Run
Selects Fallschirmjäger Squad Paradrop
Jäger Squad
Marder III M Tank Destroyer
Wehearvoices
Woolridge
CPU - VERY EASY
Diter Rams
Hallought
✿ ͜ ღ新颖♥㌻👑
PANDAKING
Voragine
0
0
Comments
sign in to comment!
No comments posted yet!